 Dungeon Crawl Stone Soup version 0.27-a0-1302-g7736ffe575 (webtiles) character file.

Game seed: 6501484152522419836

53 Masnef the Sneak (level 3, 0/23 HPs)
             Began as an Octopode Enchanter on June 18, 2021.
             Succumbed to an adder's poison
             ... on level 2 of the Dungeon.
             The game lasted 00:03:58 (2158 turns).

Masnef the Sneak (Octopode Enchanter)               Turns: 2158, Time: 00:03:59

Health: 0/23       AC:  1    Str:  7    XL:     3   Next: 89%
Magic:  2/6        EV: 13    Int: 18    God:
Gold:   64         SH:  0    Dex: 12    Spells: 0/6 levels left

rFire    . . .     SeeInvis .   a - +1 dagger
rCold    . . .     Faith    .   (no shield)
rNeg     . . .     Spirit   .   (helmet restricted)
rPois    .         Reflect  .   (no amulet)
rElec    .         Harm     .   (no ring)
rCorr    .         Rampage  .   (no ring)
Will     .....                  (no ring)
Stlth    ++++......             (no ring)
HPRegen  0.07/turn              (no ring)
MPRegen  0.10/turn              (no ring)
                                (no ring)
                                (no ring)

@: mighty, lethally poisoned (0 -> -6), flying
A: almost no armour, amphibious, 8 rings, camouflage 1, gelatinous body 1,
(nimble swimmer 1), tentacles
a: no special abilities


You were on level 2 of the Dungeon.
You visited 1 branch of the dungeon, and saw 2 of its levels.

You collected 64 gold pieces.

Inventory:

Hand Weapons
 a - a +1 dagger (weapon)


   Skills:
 * Level 1.3 Fighting
 * Level 1.9 Short Blades
 - Level 2.0 Dodging
 + Level 5.3 Stealth
 - Level 2.0 Spellcasting
 + Level 3.1 Hexes


You couldn't memorise any spells.
You knew the following spells:

 Your Spells              Type           Power      Damage    Failure   Level
a - Corona                Hex            14%        N/A       4%          1
b - Ensorcelled Hibernat  Hex/Ice        14%        N/A       14%         2
c - Confusing Touch       Hex            13%        N/A       14%         3

Your spell library contained the following spells:

 Spells                   Type           Power      Damage    Failure   Level
 Tukima's Dance           Hex            13%        N/A       14%         3
 Dazzling Flash           Conj/Hex       14%        N/A       28%         3


Dungeon Overview and Level Annotations

Branches:
Dungeon (2/15)

Altars:


Innate Abilities, Weirdness & Mutations

You cannot wear most types of armour.
You are amphibious.
You can wear up to eight rings at the same time.
Your skin changes colour to match your surroundings (Stealth+).
Your rubbery body absorbs attacks. (AC +1, EV +1)
((You are camouflaged near water. (Stealth+)))
You have tentacles for arms and can constrict up to eight enemies at once.


Message History

The adder barely misses you.
You barely miss the adder. Your grab misses the adder. You squeeze the adder.
The adder is heavily wounded.
The adder bites you.
You are poisoned.
The adder poisons you! The adder bites you.
You are lethally poisoned!
The adder poisons you!
The adder resists with some effort.
You feel very sick. The adder completely misses you.
Unknown command.
You are too injured to fight recklessly!
It was a potion of might.
You feel very mighty all of a sudden.
You feel sick. The adder bites you.
You are more poisoned.
The adder poisons you!
You are too injured to fight recklessly!
Casting: Ensorcelled Hibernation (safe; 14% risk of failure)
Confirm with . or Enter, or press ? or * to list all spells.
Aiming: Ensorcelled Hibernation (safe; 14% risk of failure)
Press: ? - help, Shift-Dir - straight line, f/p - adder
Aim: an adder (moderately wounded, chance to affect: 48%)
The adder resists with some effort.
* * * LOW HITPOINT WARNING * * *
You feel very sick. The adder barely misses you. x2
It was a potion of flight.
You feel very buoyant.
You fly up into the air.
* * * LOW HITPOINT WARNING * * *
You feel sick. The adder barely misses you.
Unknown command.
As you read the scroll labelled QEOFESCH WIXUF, it crumbles to dust.
It is a scroll of identify.
You don't have any unidentified items.
* * * LOW HITPOINT WARNING * * *
You feel sick. The adder closely misses you.
You die...

#.....#..... ..
#.....#..#.####..
##.>...'.........
.......#........
..#.#.........####
..................
..#.#....S.....#
...............#
########+###...)@...#
....................#
########.####'###'#.# ##
.##
......##.............. .
...
......#######.###.#.##.#
#.## . ......#
#.###.#'##.####..###.
......+
#....................
......##
##+######.>..#####.....#
........
........'..........#.#..


You could see an adder.

Vanquished Creatures
  An adder (D:2)
  2 worms (D:2)
  5 endoplasms
  2 giant cockroaches
  5 hobgoblins
  A quokka (D:1)
  5 ball pythons
  6 bats (D:1)
  4 frilled lizards
  2 goblins (D:1)
  4 kobolds
  A rat (D:1)
38 creatures vanquished.

Vanquished Creatures (others)
  3 plants (D:1)
3 creatures vanquished.

Grand Total: 41 creatures vanquished

Notes
Turn   | Place    | Note
-------+----------+-------------------------------------------
     0 | D:1      | Masnef the Octopode Enchanter began the quest for the Orb.
     0 | D:1      | Reached XP level 1. HP: 11/11 MP: 3/3
   471 | D:1      | Reached XP level 2. HP: 6/17 MP: 3/5
   474 | D:1      | Learned a level 2 spell: Ensorcelled Hibernation
  1196 | D:1      | Reached XP level 3. HP: 22/22 MP: 3/6
  1204 | D:1      | Learned a level 3 spell: Confusing Touch
  1258 | D:1      | Reached skill level 1 in Fighting
  1987 | D:2      | Reached skill level 5 in Stealth
  2157 | D:2      | HP: 1/23 [poisoned by an adder]
  2158 | D:2      | Succumbed to an adder's poison

Illustrated notes

Levels and vault maps discovered:
D:1:      lightli_arrival_statuegarden, layout_basic
D:2:      layout_basic, serial_glass, glass_columns_c, glass_columns_a,
          glass_columns_a, glass_columns_b, glass_columns_a, glass_columns_b,
          glass_columns_c, glass_columns_a, minmay_pentomino_x2

Skill      XL: |  1  2  3 |
---------------+----------+-----
Fighting       | 1 |  1.3
Stealth        | 5 |  5.3
Short Blades   | |  1.9
Dodging        | |  2.0
Spellcasting   | |  2.0
Hexes          | |  3.1

Action                   || total
-------------------------++-------
Melee: Dagger            ||    79
       Constrict         ||    17
       Tentacles         ||     9
 Cast: Corona            ||     8
       Ensorcelled Hiber ||     9
  Use: Scroll            ||     3
       Potion            ||     2
 Stab: Sleeping          ||    12
Armor: Skin              ||    20
Dodge: Dodged            ||    61

Table legend: (Time is in decaauts)
 A = Elapsed time spent in this place.
 B = Non-inter-level travel time spent in this place.
 C = Inter-level travel time spent in this place.
 D = Time resting spent in this place.
 E = Time spent auto-exploring this place.
 F = Levels seen in this place.
 G = Mean time per level.
                   A        B        C        D        E       F      G
               +--------+--------+--------+--------+--------+-----+--------+
         Total |   2151 |   2136 |     15 |      0 |   1732 |   2 | 1075.5 |
       Dungeon |   2151 |   2136 |     15 |      0 |   1732 |   2 | 1075.5 |
               +--------+--------+--------+--------+--------+-----+--------+

Top non-repeatable levels by time:
     D:1: 1640 daAuts
     D:2: 511 daAuts
